Map: 썬더버드 - 래더

Players

Zest - Winner!

  • Race: Protoss Protoss
  • League: Master
  • Spawn Location: 11:00

llllllllllll (Trap)

  • Race: Protoss Protoss
  • League: Master
  • Spawn Location: 5:00

Event: HomeStory Cup XX

VOD

Have the link to the VOD?

Description

Time

  • Played on: Nov. 23, 2019, 9:39 a.m.
  • Length: 9:29

All games in this series

Show
View Real Time Build Order
Export as new Build Order

Zest Protoss - Winner!

Build Orders: Oracle Opening 

Get SALT Encoding   

  12  0:00  Probe  
  13  0:13  Probe  
  14  0:18  Pylon  
  14  0:24  Probe  
  15  0:32  Probe  
  15  0:37  Gateway  
  15  0:40  Probe  
  16  0:46  Assimilator  
  17  0:51  Probe  
  17  0:54  Assimilator  
  18  1:00  Probe  
  19  1:06  Gateway  
  19  1:08  Probe  
  19  1:17  Probe  
  20  1:24  Cybernetics Core  
  21  1:29  Probe  
  22  1:36  Pylon  
  22  1:41  Probe  
  24  1:54  Probe  
  24  2:00  Warp Gate, Stargate  
  24  2:04  Stalker  
  26  2:15  Stalker  
  28  2:19  Pylon  
  28  2:30  Shield Battery  
  28  2:33  Oracle  
  28  2:38  Zealot  
  33  2:53  Shield Battery  
  33  3:01  Robotics Facility  
  33  3:05  Pylon  
  33  3:18  Oracle  
  36  3:40  Shield Battery  
  40  3:48  Immortal  
  40  3:52  Zealot x2  
  44  3:59  Pylon  
  44  4:08  Gateway  
  44  4:17  Pylon  
  44  4:25  Immortal  
  44  4:33  Pylon  
  44  4:37  Sentry  
  50  4:49  Stalker  
  52  5:00  Pylon  
  52  5:04  Warp Prism  
  54  5:13  Gateway  
  54  5:31  Stalker  
  54  5:32  Pylon, Stalker  
  58  5:40  Observer  
  59  5:55  Pylon  
  59  5:59  Sentry x2  
  63  6:18  Robotics Bay  
  63  6:26  Adept x2  
  63  6:28  Adept  
  63  6:32  Shield Battery  
  67  6:52  Colossus  
  65  7:15  Adept x2, Zealot  
  77  7:24  Gateway  
  77  7:30  Pylon  
  77  7:46  Stalker x3  
  83  8:03  Pylon  
  81  8:25  Adept x3  
  87  8:33  Pylon  
  87  8:46  Adept x3  
  91  8:49  Adept  
  66  9:07  Stalker x2  
Show
View Real Time Build Order
Export as new Build Order

llllllllllll Protoss 

Build Orders:  

Get SALT Encoding   

  12  0:00  Probe  
  13  0:12  Probe  
  14  0:16  Pylon  
  14  0:24  Probe  
  15  0:32  Probe  
  15  0:36  Gateway  
  15  0:40  Probe  
  16  0:49  Assimilator  
  17  0:51  Probe  
  17  0:53  Assimilator  
  18  1:00  Probe  
  19  1:07  Gateway  
  19  1:08  Probe  
  19  1:17  Probe  
  20  1:23  Cybernetics Core  
  21  1:29  Probe  
  21  1:32  Pylon  
  22  1:41  Probe  
  24  1:59  Robotics Facility  
  24  2:00  Warp Gate, Stalker  
  25  2:09  Stalker  
  27  2:18  Pylon  
  27  2:32  Stalker  
  29  2:39  Stalker, Immortal  
  35  2:57  Shield Battery  
  35  3:06  Sentry  
  35  3:08  Warp Prism  
  39  3:44  Pylon  
  39  4:01  Probe  
  38  4:03  Stalker x2  
  42  4:12  Pylon  
  42  4:17  Immortal  
  46  4:31  Sentry  
  46  4:32  Stalker  
  50  4:46  Pylon  
  50  4:55  Probe  
  50  4:56  Observer  
  50  5:03  Stargate  
  51  5:07  Probe  
  51  5:12  Adept  
  51  5:13  Adept  
  55  5:33  Observer  
  55  5:37  Gateway  
  55  5:39  Phoenix  
  55  5:44  Adept  
  55  5:45  Adept  
  61  5:54  Pylon  
  61  6:02  Phoenix  
  62  6:13  Pylon  
  62  6:23  Pylon  
  62  6:33  Phoenix  
  62  6:46  Adept x3  
  68  6:52  Phoenix  
  66  7:17  Phoenix  
  68  7:33  Pylon  
  68  7:35  Pylon  
  68  7:39  Adept  
  68  7:41  Void Ray  
  70  7:53  Adept x2  
  78  7:59  Pylon  
  74  8:24  Void Ray  
  72  8:31  Adept x2  
  76  8:34  Adept  
  68  8:56  Adept x2  
  38  9:18  Stalker x2  
Tags
 
Add a new tag
Caveats
  • Supply blocks, unpowered buildings, or Contaminate may cause inaccurate times.
  • Supply counts are checked every 10 seconds.